 Dungeon Crawl Stone Soup version 0.18-a0-1666-g3ea6f2b (webtiles) character file.

20644 George the Carver (level 12, -1/110 HPs)
             Began as a Minotaur Fighter on Mar 31, 2016.
             Was an Elder of the Shining One.
             Slain by a lindwurm (8 damage)
             ... summoned by Kirke
             ... on level 12 of the Dungeon.
             The game lasted 01:34:52 (11372 turns).

George the Carver (Minotaur Fighter)               Turns: 11372, Time: 01:34:53

Health: -1/110     AC:  0    Str: 24    XL:     12   Next: 47%
Magic:  17/17      EV: 13    Int:  6    God:    the Shining One [****..]
Gold:   2185       SH:  0    Dex: 11    Spells: 0 memorised, 11 levels left

rFire  . . .     SeeInvis .     (weapon currently unavailable)
rCold  . . .     Gourm    .     (armour currently unavailable)
rNeg   + + .     Faith    .     (shield currently unavailable)
rPois  .         Spirit   .     (helmet currently unavailable)
rElec  .         Dismiss  .     (cloak currently unavailable)
rCorr  .         Reflect  .     (gloves currently unavailable)
SustAt .         Harm     .     (boots currently unavailable)
MR     .....                    (no amulet)
Stlth  +.........               (ring currently unavailable)
                                (ring currently unavailable)

@: pig-form, slowed, glowing, drained, not resistant to hostile enchantments,
very unstealthy
A: (retaliatory headbutt), (horns 0)
a: Divine Shield, Cleansing Flame, Renounce Religion


You were on level 12 of the Dungeon.
You worshipped the Shining One.
The Shining One was greatly pleased with you.
You were not hungry.
You were a filthy swine.
You visited 2 branches of the dungeon, and saw 13 of its levels.
You also visited: Bailey.

You collected 2185 gold pieces.

Inventory:

Hand Weapons
 F - a +0 scimitar (melded)
 Y - a +0 rapier
Armour
 c - a +1 shield (melded)
 o - a +0 pair of gloves (melded)
 z - the +5 chain mail "Bemmum" {rF+ SInv}
   (You found it on level 4 of the Dungeon)

   It protects you from fire.
   It lets you see invisible.
 A - the +12 plate armour of the Republic (melded) {rElec Regen+ rCorr Int-5}
   (You found it on level 5 of the Dungeon)

   It affects your intelligence (-5).
   It insulates you from electricity.
   It increases your rate of regeneration.
   It protects you from acid and corrosion.
 J - a +0 pair of boots (melded)
 P - a +0 cloak (melded)
Jewellery
 n - a +4 ring of protection (melded)
 E - an uncursed ring of ice
 I - a ring of protection from fire (melded)
 N - an uncursed ring of sustain attributes
Wands
 r - a wand of paralysis (12/24)
 x - a wand of disintegration (10/24)
 D - a wand of lightning (8/15)
 G - a wand of polymorph (11/24)
 K - a wand of heal wounds (4/9)
 M - a wand of acid (0/15)
 O - a wand of paralysis (12/24)
 Q - a wand of paralysis (13/24)
 S - a wand of lightning (9/15)
 X - a wand of flame (12/48)
Scrolls
 t - 5 scrolls of remove curse
 y - 7 scrolls of teleportation
 L - 2 scrolls of blinking
 T - a scroll of magic mapping
 U - 2 scrolls of fear
 W - a scroll of enchant armour
Potions
 k - 4 potions of heal wounds
 u - 5 potions of curing
 w - 3 potions of flight
 C - 2 potions of haste
 R - a potion of agility {unknown}
 V - a potion of might
Miscellaneous
 Z - a phantom mirror
Comestibles
 f - 7 bread rations
 g - 13 meat rations
 B - 4 chunks of flesh
 H - 7 beef jerkies


   Skills:
 + Level 11.1(10.7) Fighting
 + Level 13.4(13.0) Long Blades
 + Level 10.9(10.6) Armour
 + Level 11.1(10.7) Shields
 + Level 8.9(8.5) Invocations


You had 11 spell levels left.
You didn't know any spells.

Dungeon Overview and Level Annotations

Branches:
Dungeon (12/15)            Temple (1/1) D:5            Lair (0/8) D:11
    Orc (0/2) D:10

Altars:
Ashenzari
Cheibriados
Dithmenos
Elyvilon
Fedhas
Gozag
Kikubaaqudgha
Makhleb
Nemelex Xobeh
Okawaru
Pakellas
Qazlal
Ru
Sif Muna
Trog
Vehumet
Xom
Yredelemnul
Zin
The Shining One

Shops:
D:2 *   D:5 *   D:6 =   D:7 *

Portals:
Trove: D:12 (give 3 potions of resistance)

Annotations:
D:12 Kirke


Innate Abilities, Weirdness & Mutations

((You reflexively headbutt those who attack you in melee.))
((You have a pair of horns on your head.))


Message History

You closely miss Kirke.
Kirke is almost dead.
The sphinx mumbles some strange words.
You struggle to resist.
Kirke points at you and mumbles some strange words.
You feel a momentary urge to oink. The sphinx hits you!!
* * * LOW HITPOINT WARNING * * *
The sphinx hits you.
* * * LOW HITPOINT WARNING * * *
The sphinx barely misses you.
Kirke gestures wildly while chanting.
Kirke summons a lindwurm!
The sphinx hits you!
* * * LOW HITPOINT WARNING * * *
The sphinx barely misses you. The sphinx closely misses you.
The lindwurm bites you!
* * * LOW HITPOINT WARNING * * *
The lindwurm claws you! The Shining One protects you from harm!
The lindwurm claws you!
You die...

#<# #.# #.....###......
#.#########.# #.###.#
#.###.. #...........# #.#
#.# #..##..
################ #.###.#
#.@##.. ........#
#hh...###.uh#.. #######.#
#..h......#....
#.#####.##
#####h###..##...#.#
.........######..H@.#
#..........
#.#####.........hk[.#
#.#########
#.#####.#######.###.....#
........# #.# ######
#.##.#### #.# #.##.# #.#
#.##.# #.#
#.##.##########.#
#.............#.#
...#.########.#.#


You could see Kirke, a sphinx, a lindwurm and 2 hogs.

Vanquished Creatures
  Frances (D:12)
  Fannar (D:11)
  3 hydras
  Sonja (D:12)
  Urug (D:12)
  3 hill giants
  A deep elf mage (D:12)
  4 orc knights (Bailey)
  An ugly thing (D:12)
  A cyclops (D:11)
  A centaur zombie (D:12)
  A kobold demonologist (D:12)
  2 trolls
  2 two-headed ogres
  A vampire (D:12)
  6 yaks
  A wraith (D:11)
  2 hungry ghosts
  2 hogs (D:12)
  A steam dragon (D:11)
  3 water moccasins
  2 hell hounds (D:11)
  7 sky beasts
  14 orc warriors
  A wasp (D:9)
  A black bear (D:8)
  3 ice beasts
  3 phantoms
  A necrophage (D:12)
  8 ogres
  9 centaurs
  3 big kobolds
  11 giant frogs
  5 scorpions
  7 killer bees
  A howler monkey (D:3)
  5 crimson imps
  A quasit (D:11)
  A giant frog zombie (D:11)
  5 hounds
  2 jellies
  7 orc priests
  6 orc wizards
  5 iguanas
  10 worker ants
  A hound zombie (D:8)
  2 hound skeletons
  A worker ant zombie (D:5)
  A howler monkey skeleton (D:7)
  4 gnolls (D:4)
  13 adders
  3 shadow imps
  2 adder zombies
  2 worms
  2 dart slugs
  6 giant geckos
  40 orcs
  7 bats
  2 giant cockroaches
  12 goblins
  11 hobgoblins
  4 jackals
  8 quokkas
  A giant gecko zombie (D:5)
  5 giant newts
  22 kobolds
  A quokka skeleton (D:7)
  A quokka zombie (D:5)
  9 rats
317 creatures vanquished.

Notes
Turn   | Place    | Note
--------------------------------------------------------------
     0 | D:1      | George the Minotaur Fighter began the quest for the Orb.
     0 | D:1      | Reached XP level 1. HP: 19/19 MP: 0/0
   118 | D:1      | Reached skill level 3 in Long Blades
   183 | D:1      | Reached XP level 2. HP: 26/26 MP: 1/1
   450 | D:1      | Reached skill level 4 in Long Blades
   735 | D:2      | Reached XP level 3. HP: 26/31 MP: 2/2
  1053 | D:2      | Found an opulent altar of Gozag.
  1060 | D:2      | Found Gozag's Platinum Reserve.
  1091 | D:2      | Reached skill level 5 in Long Blades
  1507 | D:2      | Reached XP level 4. HP: 39/39 MP: 3/3
  1863 | D:3      | Reached skill level 6 in Long Blades
  1863 | D:3      | Reached XP level 5. HP: 45/45 MP: 4/4
  1939 | D:3      | Found a bloodstained altar of Trog.
  2081 | D:4      | Reached skill level 7 in Long Blades
  2176 | D:4      | Found a radiant altar of Vehumet.
  2274 | D:4      | Reached XP level 6. HP: 49/51 MP: 5/5
  2292 | D:4      | Reached skill level 8 in Long Blades
  2538 | D:4      | Got an ichor-stained chain mail
  2549 | D:4      | Identified the +5 chain mail "Bemmum" {rF+ SInv} (You found it on level 4 of the Dungeon)
  2584 | D:4      | Reached skill level 9 in Long Blades
  2932 | D:5      | Entered Level 5 of the Dungeon
  2938 | D:5      | Found Huorchikk's General Store.
  2965 | D:5      | Found a staircase to the Ecumenical Temple.
  2974 | Temple   | Entered the Ecumenical Temple
  3063 | Temple   | Became a worshipper of the Shining One
  3106 | D:5      | Got a faintly humming plate armour
  3117 | D:5      | Identified the +12 plate armour of the Republic {rElec Regen+ rCorr Int-5} (You found it on level 5 of the Dungeon)
  3117 | D:5      | Lost intelligence.
  3139 | D:5      | Reached XP level 7. HP: 58/58 MP: 6/6
  3174 | D:5      | Reached skill level 1 in Invocations
  3222 | D:5      | Found a shadowy altar of Dithmenos.
  3452 | D:5      | Found a radiant altar of Vehumet.
  3489 | D:5      | Found a glowing silver altar of Zin.
  3644 | D:6      | Found Vaomp's Jewellery Shoppe.
  3668 | D:6      | Found a sacrificial altar of Ru.
  3991 | D:6      | Reached * piety under the Shining One
  4009 | D:6      | Reached XP level 8. HP: 21/67 MP: 8/8
  4016 | D:6      | Reached skill level 5 in Fighting
  4016 | D:6      | Reached skill level 5 in Shields
  4187 | D:6      | Reached skill level 5 in Armour
  5298 | D:7      | Reached skill level 10 in Long Blades
  5636 | D:7      | Found Ixuimm's Serpentskin Sales.
  5643 | D:7      | Reached XP level 9. HP: 67/75 MP: 10/10
  5993 | D:8      | Reached ** piety under the Shining One
  6352 | D:8      | Reached skill level 5 in Invocations
  6951 | D:9      | Found a snail-covered altar of Cheibriados.
  6960 | D:9      | Reached skill level 11 in Long Blades
  6999 | D:9      | Found a flagged portal.
  7049 | Bailey   | Entered a bailey
  7049 | Bailey   | Noticed an orc knight
  7049 | Bailey   | Noticed an orc knight
  7049 | Bailey   | Noticed an orc knight
  7087 | Bailey   | Reached XP level 10. HP: 55/86 MP: 11/13
  7274 | Bailey   | Killed an orc knight
  7315 | Bailey   | Noticed an orc knight
  7324 | Bailey   | HP: 4/88 [orc warrior/bolt (3)]
  7328 | Bailey   | HP: 1/88 [orc knight/trident (3)]
  7336 | Bailey   | Killed an orc knight
  7527 | Bailey   | Killed an orc knight
  7540 | Bailey   | Killed an orc knight
  8431 | D:10     | Entered Level 10 of the Dungeon
  8535 | D:10     | Reached skill level 12 in Long Blades
  8535 | D:10     | Reached XP level 11. HP: 97/97 MP: 15/15
  8634 | D:10     | Reached *** piety under the Shining One
  8739 | D:10     | Noticed a hill giant
  8753 | D:10     | Killed a hill giant
  8850 | D:10     | Found a staircase to the Orcish Mines.
  9210 | D:11     | Noticed a seven-headed hydra
  9276 | D:10     | Noticed a hill giant
  9682 | D:10     | Killed a seven-headed hydra
  9711 | D:11     | Found a staircase to the Lair.
  9811 | D:11     | Noticed Fannar
  9982 | D:10     | Killed a hill giant
 10096 | D:11     | Killed Fannar
 10172 | D:11     | Reached skill level 10 in Shields
 10393 | D:11     | Reached skill level 10 in Fighting
 10395 | D:11     | Found an oddly glowing altar of Pakellas.
 10572 | D:12     | Noticed a hill giant
 10580 | D:12     | Noticed a seven-headed hydra
 10583 | D:12     | Killed a hill giant
 10583 | D:12     | Reached skill level 10 in Armour
 10585 | D:12     | Reached **** piety under the Shining One
 10603 | D:12     | Killed a nine-headed hydra
 10791 | D:12     | Reached skill level 13 in Long Blades
 10791 | D:12     | Reached XP level 12. HP: 78/107 MP: 17/17
 10796 | D:12     | Noticed Frances
 10797 | D:12     | Noticed an eight-headed hydra
 10826 | D:12     | Killed Frances
 10834 | D:12     | Killed a nine-headed hydra
 10846 | D:12     | Noticed Kirke
 11165 | D:12     | Noticed Urug
 11176 | D:12     | Noticed Sonja
 11196 | D:12     | Killed Urug
 11219 | D:12     | Killed Sonja
 11305 | D:12     | Found a portal to a secret trove of treasure.
 11364 | D:12     | Noticed a sphinx
 11372 | D:12     | The Shining One protects you from harm!
 11372 | D:12     | Slain by a lindwurm

Vault maps used:
D:1:      dpeg_arrival_arbitrary_c
D:2:      grunt_ministairs_10, nicolae_gozag_zags_fifth_avenue
D:3:      first_bread, trog_book
D:4:      vehumet_altar_wand_db
D:5:      nicolae_overflow_crystal_walls, zin_statuary, lemuel_doored_altar,
          minmay_temple_entry_crystal_x, serial_shops, shop_fountains,
          hangedman_abyss_or_decor_lesser_grid
D:6:      serial_shops, kennysheep_mini, nicolae_ru_sacrificial_ziggurat
D:7:      grunt_ogre_cave, guppyfry_shop_venom
D:9:      cheibriados_altar_1, enter_bailey_3
D:10:     david_orc_3
D:11:     minmay_lair_entry_lava, johnstein_pakellas_death_squad, uniq_fannar
D:12:     enter_trove_2, uniq_sonja, uniq_kirke, uniq_urug, uniq_frances
Temple:   lightli_temple_of_artemis
Bailey:   bailey_polearm_4, bailey

Skill      XL: |  1  2  3  4  5  6  7  8  9 10 11 12 |
---------------+-------------------------------------+-----
Long Blades    | 3 4 5 6 7 9 10 11 12 13 | 13.4
Fighting       | 4 6 7 9 10 11 | 11.1
Shields        | 4 6 7 9 10 11 | 11.1
Invocations    | 2 3 5 6 8 |  8.9
Armour         | 4 5 7 9 10 | 10.9

Action                   |  1- 3 |  4- 6 |  7- 9 | 10-12 || total
-------------------------+-------+-------+-------+-------++-------
Melee: Long sword        |   120 |   115 |    83 |       ||   318
       Scimitar          |       |       |   227 |   523 ||   750
       Halberd           |       |       |       |    49 ||    49
       Rapier            |       |       |       |    36 ||    36
       Unarmed           |       |       |       |    11 ||    11
 Fire: Arbalest          |       |       |       |    58 ||    58
Invok: Divine Shield     |       |       |       |     2 ||     2
Evoke: Wand              |       |       |       |    18 ||    18
  Use: Scroll            |     3 |     6 |     7 |     4 ||    20
       Potion            |     1 |       |       |     4 ||     5
  Eat: Chunk             |     2 |     5 |    13 |    12 ||    32
       Bread ration      |       |       |       |     1 ||     1
